 Dungeon Crawl Stone Soup version 0.30-a0-1082-g70414cbcbb (webtiles) character file.

Game seed: 15508432464933180813

1215 Gynju the Cleaver (level 8, 0/64 HPs)
             Began as a Hill Orc Fighter on Apr 15, 2023.
             Slain by an iguana (8 damage)
             ... on level 4 of the Dungeon.
             The game lasted 00:04:44 (3667 turns).

Gynju the Cleaver (Hill Orc Fighter)                Turns: 3667, Time: 00:04:44

Health: 0/64       AC:  8    Str: 21    XL:     8   Next: 46%
Magic:  8/8        EV:  9    Int:  8    God:
Gold:   216        SH:  9    Dex: 10    Spells: 7/7 levels left

rFire   . . .      SeeInvis .    a - +0 war axe
rCold   . . .      Faith    .    c - +0 buckler
rNeg    . . .      Spirit   .    b - +0 scale mail
rPois   .          Reflect  +    u - +0 helmet
rElec   .          Rampage  .    (no cloak)
rCorr   .                        (no gloves)
Will    .....                    (no boots) Stlth
                                 k - amulet of reflection
HPRegen 0.30/turn                (no ring)
MPRegen 0.11/turn                (no ring)

@: no status effects
A: no striking features
a: no special abilities


You were on level 4 of the Dungeon.
You visited 1 branch of the dungeon, and saw 4 of its levels.
You also visited: Ossuary.

You collected 216 gold pieces.

Inventory:

Hand Weapons
 a - a +0 war axe (weapon)
Missiles
 n - 5 poisoned darts (quivered)
Armour
 b - a +0 scale mail (worn)
 c - a +0 buckler (worn)
 u - a +0 helmet (worn)
Jewellery
 k - an amulet of reflection (around neck)
 p - a ring of willpower
Wands
 r - a wand of paralysis (3)
Scrolls
 e - a scroll of summoning {unknown}
 h - 2 scrolls of enchant armour {unknown}
 m - 4 scrolls of identify {unknown}
 q - a scroll of immolation {unknown}
 t - a scroll of fear {unknown}
 v - a scroll of enchant weapon {unknown}
 w - 2 scrolls of magic mapping {unknown}
Potions
 d - a potion of might
 f - a potion of berserk rage {unknown}
 g - 8 potions of curing {unknown}
 i - 4 potions of haste {unknown}
 j - 3 potions of lignification {unknown}
 l - 2 potions of attraction {unknown}
 o - 2 potions of mutation {unknown}
 s - a potion of resistance {unknown}
 x - 2 potions of magic {unknown}


   Skills:
 - Level 3.6 Fighting
 + Level 13.0 Axes
 - Level 3.2 Armour
 - Level 3.2 Shields


You had 7 spell levels left.
You didn't know any spells.
Your spell library contained the following spells:

 Spells                   Type           Power      Damage    Failure   Level
 Gell's Gravitas          Tloc           0%         N/A       99%         3
 Ignite Poison            Fire/Tmut/Pois 0%         N/A       99%         3
 Teleport Other           Tloc           0%         N/A       99%         3
 Sticky Flame             Conj/Fire      0%         2d3       100%        4
 Dispersal                Tloc           0%         N/A       100%        6
 Ignition                 Fire           0%         3d3       100%        8


Dungeon Overview and Level Annotations

Branches:
Dungeon (4/15)            Ossuary (visited)
 Temple: D:4-7

Altars:

Shops:
D:4 =


Message History

a +0 war axe; a +0 scale mail; an orc corpse The orc wizard points at you and mumbles some strange words.
The magic dart hits you. The iguana attacks as you move away!
The iguana misses you.
The orc wizard gestures at you while chanting.
The magic dart hits you.
The orc wizard hits you with a +0 dagger.
The iguana bites you.
You hit the orc wizard but do no damage.
The orc wizard is almost dead.
You miss the iguana.
The orc wizard hits you with a +0 dagger.
The iguana closely misses you.
The orc wizard points at you and mumbles some strange words.
The magic dart hits you!
The iguana bites you but does no damage.
You barely miss the iguana.
The iguana is moderately wounded.
The iguana bites you.
You're too confused to move!
The iguana bites you but does no damage.
The orc wizard casts a spell at you.
The puff of flame hits you but does no damage.
You miss the orc wizard.
The orc wizard is almost dead.
You slash the iguana!
The orc wizard hits you but does no damage.
The iguana bites you!
* * * LOW HITPOINT WARNING * * *
You closely miss the orc wizard.
The orc wizard is almost dead.
You closely miss the iguana.
The orc wizard hits you but does no damage.
The iguana closely misses you.
The orc wizard hits you with a +0 dagger.
* * * LOW HITPOINT WARNING * * *
You feel less confused.
The orc wizard hits you but does no damage.
The iguana bites you!
You die...

##..## #^.....#..#
##..## ###...#####
##..## ##### ##..##
##..## ##..############
###....#.........###
........)...........##
#..####.......@........
..# ##.......|ol.......
#.# #.......)..........
#..#
#......!.)......... ..#
#.........†.........
.##
#....................
..#
##...................
.)##
#...................
.))#
.........)......##.


You could see an iguana and an orc wizard.

Vanquished Creatures
  Grinder (D:3)
  6 elf zombies (Ossuary)
  5 centaur zombies (Ossuary)
  A human zombie (Ossuary)
  An orc priest (D:4)
  A hound (D:4)
  Ijyb (D:3)
  3 orc wizards
  An iguana (D:4)
  3 mummies (Ossuary)
  Robin (D:3)
  6 gnolls (D:4)
  5 adders
  4 dart slugs
  16 orcs
  2 endoplasms (D:1)
  4 giant cockroaches
  18 goblins
  6 hobgoblins
  4 quokkas
  5 ball pythons
  4 bats
  2 frilled lizards
  2 kobolds (D:1)
  A rat (D:3)
103 creatures vanquished.

Notes
Turn   | Place    | Note
-------+----------+-------------------------------------------
     0 | D:1      | Gynju the Hill Orc Fighter began the quest for the Orb.
     0 | D:1      | Reached XP level 1. HP: 19/19 MP: 1/1
    53 | D:1      | Reached skill level 3 in Axes
   165 | D:1      | Reached XP level 2. HP: 23/26 MP: 2/2
   317 | D:1      | Reached skill level 4 in Axes
   907 | D:2      | Reached XP level 3. HP: 26/31 MP: 3/3
  1010 | D:2      | Reached skill level 5 in Axes
  1332 | D:3      | Noticed Ijyb
  1336 | D:3      | Paralysed by Ijyb for 3 turns
  1347 | D:3      | Paralysed by Ijyb for 3 turns
  1352 | D:3      | Killed Ijyb
  1353 | D:3      | Reached XP level 4. HP: 36/39 MP: 4/4
  1475 | D:3      | Reached skill level 6 in Axes
  1983 | D:3      | Noticed Robin
  2008 | D:3      | Killed Robin
  2019 | D:3      | Reached XP level 5. HP: 18/45 MP: 5/5
  2187 | D:4      | Found Kuvos's Jewellery Boutique.
  2214 | D:4      | Found a sand-covered staircase.
  2218 | Ossuary  | Entered an ossuary
  2238 | Ossuary  | Reached skill level 7 in Axes
  2258 | Ossuary  | Reached skill level 8 in Axes
  2258 | Ossuary  | Reached XP level 6. HP: 38/51 MP: 6/6
  2351 | Ossuary  | Reached skill level 9 in Axes
  2359 | Ossuary  | Reached XP level 7. HP: 49/57 MP: 7/7
  2392 | Ossuary  | Reached skill level 10 in Axes
  2548 | Ossuary  | Reached skill level 11 in Axes
  2885 | D:4      | Reached XP level 8. HP: 48/64 MP: 8/8
  3144 | D:4      | Reached skill level 12 in Axes
  3469 | D:4      | Noticed Grinder
  3498 | D:3      | Killed Grinder
  3655 | D:4      | Reached skill level 13 in Axes
  3667 | D:4      | Slain by an iguana

Illustrated notes

Levels and vault maps discovered:
D:1:      wander_arrival_desolate, layout_basic, minmay_misc_feat_enclosed,
          st_stairs_2, minmay_pentomino_q4
D:2:      layout_basic
D:3:      layout_basic, uniq_robin, uniq_ijyb
D:4:      layout_cave_pods, serial_shops, shop_fountains, enter_ossuary_5,
          uniq_grinder

Skill      XL: |  1  2  3  4  5  6  7  8 |
---------------+-------------------------+-----
Axes           | 3 4 5 6 8 9 11 13 | 13.0
Fighting       | |  3.6
Armour         | |  3.2
Shields        | |  3.2

Action                     |  1- 3 |  4- 6 |  7- 9 || total
---------------------------+-------+-------+-------++-------
  Melee: War axe           |    97 |   123 |   200 ||   420
  Throw: Dart              |       |       |     1 ||     1
 Armour: Scale mail        |    55 |    53 |    60 ||   168
  Dodge: Dodged            |    54 |    46 |    46 ||   146
  Block: Buckler           |    23 |    53 |    75 ||   151
         Reflection        |       |     2 |     2 ||     4

Table legend: (Time is in decaauts)
 A = Elapsed time spent in this place.
 B = Non-inter-level travel time spent in this place.
 C = Inter-level travel time spent in this place.
 D = Time resting spent in this place.
 E = Time spent auto-exploring this place.
 F = Levels seen in this place.
 G = Mean time per level.
                   A        B        C        D        E       F      G
               +--------+--------+--------+--------+--------+-----+--------+
         Total |   3726 |   3666 |     60 |     88 |   2666 |   5 |  745.2 |
       Dungeon |   3292 |   3232 |     60 |     88 |   2420 |   4 |  823.0 |
       Ossuary |    434 |    434 |      0 |      0 |    246 |   1 |  434.0 |
               +--------+--------+--------+--------+--------+-----+--------+

Top non-repeatable levels by time:
     D:3: 1076 daAuts
     D:1: 894 daAuts
     D:4: 891 daAuts
 Ossuary: 434 daAuts
     D:2: 428 daAuts
